 Dungeon Crawl Stone Soup version 0.27-a0-40-g5f2be0e231 (webtiles) character file.

Game seed: 17106230588415390981

38 sahdkjhfkaj the Skirmisher (level 3, 0/34 HPs)
             Began as a Deep Dwarf Fighter on Jan 6, 2021.
             Slain by an ogre
             ... wielding a +0 giant club
              (19 damage)
             ... on level 3 of the Dungeon.
             The game lasted 00:00:37 (256 turns).

sahdkjhfkaj the Skirmisher (Deep Dwarf Fighter)      Turns: 256, Time: 00:00:37

Health: 0/34       AC:  6    Str: 20    XL:     3   Next: 25%
Magic:  3/3        EV:  7    Int:  8    God:
Gold:   65         SH:  9    Dex: 12    Spells: 2/2 levels left

rFire    . . .     SeeInvis .   a - +0 war axe
rCold    . . .     Faith    .   c - +0 kite shield
rNeg     . . .     Spirit   .   i - +0 scale mail
rPois    .         Reflect  .   (no helmet)
rElec    .         Harm     .   (no cloak)
rCorr    .         Rampage  .   (no gloves)
Will     .....                  (no boots)
Stlth    ..........             (no amulet)
HPRegen  0.00/turn              (no ring)
MPRegen  0.08/turn              (no ring)

@: non-regenerating
A: damage resistance, heal wounds, sense surroundings 1, no regeneration
a: Heal Wounds


You were on level 3 of the Dungeon.
You visited 1 branch of the dungeon, and saw 3 of its levels.

You collected 65 gold pieces.

Inventory:

Hand Weapons
 a - a +0 war axe (weapon)
 b - a +2 hand axe of flaming
Armour
 c - a +0 kite shield (worn)
 i - a +0 scale mail (worn)
Jewellery
 h - an uncursed amulet of the acrobat {unknown}
Scrolls
 f - 2 scrolls of enchant weapon {unknown}
 g - a scroll of fear {unknown}
 j - 2 scrolls of teleportation {unknown}
Potions
 d - a potion of might
 e - 2 potions of heal wounds {unknown}


   Skills:
 + Level 3.4 Fighting
 + Level 3.3 Axes
 - Level 3.2 Armour
 - Level 3.2 Shields


You had 2 spell levels left.
You didn't know any spells.
Your spell library was empty.

Dungeon Overview and Level Annotations

Branches:
Dungeon (3/15)

Altars:

Portals:
Sewer: D:3


Innate Abilities, Weirdness & Mutations

You are resistant to damage.
You can heal yourself by infusing magical energy.
You passively map a small area around you.
You do not regenerate.


Message History

You barely miss the river rat. You hit the hobgoblin.
You kill the hobgoblin!
You hit the adder but do no damage. The river rat bites you.
The adder bites you but does no damage.
The river rat bites you but does no damage.
The river rat closely misses you.
Your scale mail prevents you from hitting the river rat.
The river rat is severely wounded.
You hit the river rat. You hit the ogre. You miss the adder.
The adder bites you but does no damage. The river rat bites you.
The adder bites you. You block the ogre's attack.
You block the river rat's attack. The river rat bites you.
Unknown command.
You hit the river rat but do no damage.
The river rat is severely wounded.
You closely miss the river rat. You slash the ogre! You hit the adder.
You block the adder's attack. You block the river rat's attack.
The ogre hits you with a +0 giant club!!
Ouch! That really hurt!
You die...

* #.####.# #.# # ,
#.#....# #.# #
#.....#* #.# # ,
#.....#####.# # *
#.......)...# #
####.....####).# #
,#........# #..# #
#...###### #..# #
#..@rw≈≈∩# #.[# *#
#...SOr≈≈≈≈# .....
. * * #....w.≈≈≈≈#
##.####,.
...........≈≈#,,..#
, *
####.........#,,#..
, #.##....!... ...
,* #.*#...#.... #.#
, * #. #####...^
,,, ,>


You could see an ogre, 2 worms, an adder and 2 river rats.

Vanquished Creatures
  2 leopard geckos
  6 orcs (D:3)
  2 ball pythons
  4 giant cockroaches
  A goblin (D:2)
  5 hobgoblins
  A bat (D:1)
  A frilled lizard (D:2)
  4 kobolds
  2 rats (D:3)
28 creatures vanquished.

Notes
Turn   | Place    | Note
-------+----------+-------------------------------------------
     0 | D:1      | sahdkjhfkaj the Deep Dwarf Fighter began the quest for the
                  | Orb.
     0 | D:1      | Reached XP level 1. HP: 20/20 MP: 1/1
    58 | D:1      | Reached XP level 2. HP: 23/28 MP: 2/2
   202 | D:3      | Reached XP level 3. HP: 28/34 MP: 3/3
   247 | D:3      | Found a glowing drain.
   247 | D:3      | Noticed an ogre
   256 | D:3      | Slain by an ogre

Illustrated notes

Levels and vault maps discovered:
D:1:      elethiomel_arrival_shortcut, layout_rooms
D:2:      minmay_evil_eye, layout_basic
D:3:      layout_loops_ring, portal_sewer_entry_b

Skill      XL: |  1  2 |
---------------+-------+-----
Fighting       | 3 |  3.4
Axes           | 3 |  3.3
Armour         | |  3.2
Shields        | |  3.2

Action                   || total
-------------------------++-------
Melee: War axe           ||    79
 Abil: Heal Wounds       ||     2
Armor: Scale mail        ||    41
Dodge: Dodged            ||    31
Block: Kite shield       ||    59

Table legend: (Time is in decaauts)
 A = Elapsed time spent in this place.
 B = Non-inter-level travel time spent in this place.
 C = Inter-level travel time spent in this place.
 D = Time resting spent in this place.
 E = Time spent auto-exploring this place.
 F = Levels seen in this place.
 G = Mean time per level.
                   A        B        C        D        E       F      G
               +--------+--------+--------+--------+--------+-----+--------+
         Total |    291 |    281 |     10 |      0 |    104 |   3 |   97.0 |
       Dungeon |    291 |    281 |     10 |      0 |    104 |   3 |   97.0 |
               +--------+--------+--------+--------+--------+-----+--------+

Top non-repeatable levels by time:
     D:1: 117 daAuts
     D:3: 103 daAuts
     D:2: 70 daAuts
